 Dungeon Sprint DCSS version 0.28-a0-998-gb9e9c7b67e (webtiles) character file.

Game seed: 611831381751104753

58534 mhtbhm the Phalangite (level 14, -29/157 HPs)
             Began as a Green Draconian Berserker on Dec 5, 2021.
             Was the Champion of Trog.
             Annihilated by a peacekeeper (32 damage)
             ... in the Dungeon (Sprint IX: "|||||||||||||||||||||||||||||").
             The game lasted 00:10:04 (4367 turns).

mhtbhm the Phalangite (Green Draconian Berserker)   Turns: 4367, Time: 00:10:04

Health: -29/157    AC:  7    Str: 31    XL:     14   Next: 49%
Magic:  14/14      EV: 17    Int:  7    God:    Trog [******]
Gold:   1261       SH:  0    Dex: 11    Spells: 13/13 levels left

rFire   + . .      SeeInvis .   a - +4 bardiche (flame)
rCold   . . .      Faith    .   (shield currently unavailable)
rNeg    . . .      Spirit   .   (armour unavailable)
rPois   +          Reflect  .   (helmet restricted)
rElec   .          Harm     .   j - +0 cloak
rCorr   .          Rampage  .   r - +0 pair of gloves
Will    +....      NoTele   +   s - +0 pair of boots of Abukkor {Str+3}
Stlth   ++++++....              x - amulet of regeneration
HPRegen 1.16/turn               y - ring of protection from fire
MPRegen 0.14/turn               l - +3 ring of strength

@: short of breath, corroded, on berserk cooldown, slowed, very slow
A: breathe noxious fumes, AC +8, unfitting armour, stinger 1, poison resistance,
cold-blooded
a: Breathe Noxious Fumes, Renounce Religion, Berserk, Trog's Hand, Brothers in
Arms


You were in the Dungeon.
You worshipped Trog.
Trog was exalted by your worship.
You visited 1 branch You collected 1979 gold pieces.
You spent 718 gold pieces at shops.

Inventory:

Hand Weapons
 a - a +4 bardiche of flaming (weapon)
 v - the +6 hunting sling of Death {freeze, rPois rF+}
   (You bought it in a shop in the Dungeon)

   Any ammunition fired from it freezes those it strikes, dealing additional
   cold damage.
   It can also slow down cold-blooded creatures.
   rF:        It protects you from fire.
   rPois:     It protects you from poison.
 w - a +2 great sword of holy wrath
Missiles
 k - 5 curare-tipped darts (quivered)
Armour
 j - a +0 cloak (worn)
 r - a +0 pair of gloves (worn)
 s - the +0 pair of boots of Abukkor (worn) {Str+3}
   (You bought it in a shop in the Dungeon)

   Str:       It affects your strength (+3).
Jewellery
 l - a +3 ring of strength (right hand)
 t - a ring of see invisible
 x - an amulet of regeneration (around neck)
 y - a ring of protection from fire (left hand)
Wands
 d - a wand of paralysis (7)
 i - a wand of iceblast (15)
Scrolls
 g - 3 scrolls of blinking
 n - 3 scrolls of fear
 p - 7 scrolls of enchant armour
 q - 2 scrolls of fog
 u - 2 scrolls of identify
 B - 2 scrolls of enchant weapon
Potions
 b - 4 potions of curing
 c - 7 potions of heal wounds
 e - 4 potions of magic
 f - 4 potions of berserk rage
 h - a potion of invisibility
 m - 4 potions of might
Miscellaneous
 o - a condenser vane


   Skills:
 + Level 23.4 Fighting
 + Level 26.7 Polearms
 + Level 14.9 Dodging
 + Level 16.4 Stealth
 + Level 3.8 Evocations


You had 13 spell levels left.
You didn't know any spells.
Your spell library was empty.

Dungeon Overview and Level Annotations

Branches:
Dungeon (1/1)

Altars:
Cheibriados
Dithmenos
Elyvilon
Fedhas
Gozag
Hepliaklqana
Kikubaaqudgha
Makhleb
Nemelex Xobeh
Okawaru
Qazlal
Ru
Sif Muna
Trog
Uskayaw
Vehumet
Wu Jian
Xom
Yredelemnul
Zin
The Shining One
Beogh
Jiyva
Lugonu

Shops:
D [*?(


Innate Abilities, Weirdness & Mutations

You can breathe blasts of noxious fumes.
Your lurid green scales are hard. (AC +8)
You cannot fit into any form of body armour.
Your tail ends in a venomous barb.
Your system is resistant to poisons. (rPois)
You are cold-blooded and may be slowed by cold attacks.


Message History

Unknown command.
You cut the green very ugly thing into ribbons!!!
You burn the green very ugly thing.
You kill the green very ugly thing!
Trog accepts your kill.
Something hits the vault warden.
The vault warden is engulfed in noxious fumes.
An entropy weaver comes into view.
The entropy weaver shouts!
You slash the ironbound convoker! You burn the ironbound convoker.
The ironbound convoker is heavily wounded.
The vault warden is engulfed in noxious fumes.
The vault warden gestures wildly.
The ironbound convoker is engulfed in noxious fumes.
The ironbound convoker appears confused.
The ironbound convoker closely misses you.
You slice the ironbound convoker!! You burn the ironbound convoker.
You kill the ironbound convoker!
Trog accepts your kill.
Trog appreciates your killing of a magic user.
The vault warden hits the peacekeeper with a +0 war axe!
The vault warden barely misses itself.
You slash the peacekeeper! You burn the peacekeeper.
You tail-slap the peacekeeper.
The peacekeeper is heavily damaged.
The vault warden seems less confused.
The peacekeeper bites you! The peacekeeper claws you!
* * * LOW HITPOINT WARNING * * *
Something hits the entropy weaver!
The peacekeeper bites you!!
* * * LOW HITPOINT WARNING * * *
The peacekeeper barely misses you.
The vault warden activates a sealing rune.
A door slams shut!
You slash the peacekeeper!
The peacekeeper is severely damaged.
The peacekeeper misses you. The peacekeeper claws you!
* * * LOW HITPOINT WARNING * * *
The entropy weaver gestures at you while chanting.
The entropic weave corrodes you! The peacekeeper bites you!!
You die...

▓.▓†▓.▓.▓.▓.▓.▓.
▓B▓.▓.▓.▓.▓.▓∩▓.▓.
▓{▓.▓†▓.▓(▓.▓.▓.▓.
▓°▓.▓)▓.▓)▓.▓∩▓.▓.
▓)▓.▓†▓.▓)▓.▓.▓.▓†
▓p▓.♣.♣.▓[▓.▓)▓.▓.
▓.▓)♣.♣)▓)▓.▓)▓.▓.
▓9▓)♣.♣.▓(▓)▓)▓.▓.
▓@▓.♣.♣)▓)▓.▓)▓.▓)
▓†▓)♣.♣.▓.▓.▓)▓.▓.
▓.▓.♣.♣.▓.▓.▓.▓.▓.
▓)▓)♣)♣.▓.▓.▓.▓.▓.
▓)▓)♣†♣.▓.▓.▓.▓.▓.
▓+▓.♣†♣.▓.▓.▓.▓.▓.
▓.▓.♣†♣.▓!▓.▓.▓.▓.
▓.▓.▓)▓.▓.▓.▓.▓.▓.
▓.▓.▓.▓.▓.▓.▓)▓.▓.


You could see a vault warden, an entropy weaver and a peacekeeper (strong).

Vanquished Creatures
  Saint Roka (D)
  3 frost giants (D)
  A fire giant (D)
  3 ironbound preservers (D)
  2 stone giants (D)
  3 very ugly things (D)
  A dire elephant (D)
  A spark wasp (D)
  3 ettins (D)
  3 fire dragons (D)
  A yaktaur captain (D)
  A great orb of eyes (D)
  3 hydras (D)
  A ghost crab (D)
  A catoblepas (D)
  2 spriggan air magi (D)
  An ogre mage (D)
  An anaconda (D)
  A satyr (D)
  A two-headed ogre (D)
  2 tengu warriors (D)
  2 naga sharpshooters (D)
  3 orc high priests (D)
  A deep troll earth mage (D)
  Sonja (D)
  A salamander mystic (D)
  3 swamp dragons (D)
  3 sea snakes (D)
  A glowing orange brain (D)
  A naga ritualist (D)
  2 lindwurms (D)
  2 wizards (D)
  A bog body (D)
  An orb spider (D)
  An ironbound convoker (D)
  9 orc knights (D)
  4 wolf spiders (D)
  A necromancer (D)
  An orc sorcerer (D)
  A mana viper (D)
  A will-o-the-wisp (D)
  2 manticores (D)
  An ugly thing (D)
  4 cyclopes (D)
  A moth of wrath (D)
  4 black mambas (D)
  2 vault sentinels (D)
  Maurice (D)
  3 rime drakes (D)
  A komodo dragon (D)
  Psyche (D)
  A freezing wraith (D)
  A jumping spider (D)
  4 tyrant leeches (D)
  2 slime creatures (D)
  2 wind drakes (D)
  A meliai (D)
  A blink frog (D)
  2 snapping turtles (D)
  A redback (D)
  A tarantella (D)
  4 yaks (D)
  A vampire mosquito (D)
  4 water moccasins (D)
  2 acid dragons (D)
  A floating eye (D)
  13 orc warriors (D)
  An ogre (D)
  4 bullfrogs (D)
  5 orc priests (D)
  An iguana (D)
  6 orc wizards (D)
  3 adders (D)
  3 worms (D)
  6 orcs (D)
  A bat zombie (D)
  An endoplasm (D)
  2 hobgoblins (D)
  A ball python zombie (D)
  A bat (D)
  A jackal zombie (D)
  A rat (D)
174 creatures vanquished.

Vanquished Creatures (collateral kills)
  2 orc high priests (D)
  An orc knight (D)
3 creatures vanquished.

Vanquished Creatures (others)
  A will-o-the-wisp (D)
  2 foxfires (D)
3 creatures vanquished.

Grand Total: 180 creatures vanquished

Notes
Turn   | Place    | Note
-------+----------+-------------------------------------------
     0 | D        | mhtbhm the Draconian Berserker began the quest for the Orb.
     0 | D        | Reached XP level 1. HP: 19/19 MP: 1/1
    15 | D        | Reached ** piety under Trog
    93 | D        | Noticed an iguana
   100 | D        | Reached *** piety under Trog
   101 | D        | Reached skill level 4 in Polearms
   101 | D        | Reached XP level 2. HP: 27/27 MP: 2/2
   106 | D        | Reached skill level 5 in Fighting
   106 | D        | Reached skill level 1 in Stealth
   106 | D        | Reached XP level 3. HP: 36/36 MP: 3/3
   109 | D        | Reached skill level 5 in Polearms
   119 | D        | Found a snail-covered altar of Cheibriados.
   119 | D        | Found a shadowy altar of Dithmenos.
   119 | D        | Found a white marble altar of Elyvilon.
   119 | D        | Found a blossoming altar of Fedhas.
   119 | D        | Found an opulent altar of Gozag.
   120 | D        | Found a hazy altar of Hepliaklqana.
   121 | D        | Found a viscous altar of Jiyva.
   122 | D        | Found an ancient bone altar of Kikubaaqudgha.
   123 | D        | Found a corrupted altar of Lugonu.
   124 | D        | Found a burning altar of Makhleb.
   125 | D        | Found a sparkling altar of Nemelex Xobeh.
   126 | D        | Found an iron altar of Okawaru.
   127 | D        | Found a stormy altar of Qazlal.
   128 | D        | Found a sacrificial altar of Ru.
   129 | D        | Found a shimmering blue altar of Sif Muna.
   130 | D        | Found a bloodstained altar of Trog.
   131 | D        | Found a hide-covered altar of Uskayaw.
   132 | D        | Found a radiant altar of Vehumet.
   133 | D        | Found an ornate altar of the Wu Jian Council.
   134 | D        | Found a shimmering altar of Xom.
   135 | D        | Found a basalt altar of Yredelemnul.
   136 | D        | Found a glowing silver altar of Zin.
   137 | D        | Found a glowing golden altar of the Shining One.
   342 | D        | Noticed an acid dragon
   342 | D        | Noticed an orc warrior
   342 | D        | Noticed a two-headed ogre
   342 | D        | Noticed a yak
   350 | D        | Killed a yak
   351 | D        | Reached skill level 7 in Polearms
   351 | D        | Reached XP level 4. HP: 47/47 MP: 4/4
   351 | D        | Reached XP level 5. HP: 52/52 MP: 5/5
   353 | D        | Killed a two-headed ogre
   353 | D        | Reached **** piety under Trog
   354 | D        | Reached skill level 10 in Polearms
   354 | D        | Reached XP level 6. HP: 52/66 MP: 6/6
   354 | D        | Your scales start taking on a lurid green colour.
   354 | D        | Reached XP level 7. HP: 56/71 MP: 7/7
   354 | D        | Gained mutation: Your system is resistant to poisons.
                  | (rPois) [Green Draconian growth]
   356 | D        | Reached skill level 10 in Fighting
   606 | D        | Reached skill level 11 in Polearms
   647 | D        | Noticed a catoblepas
   647 | D        | Noticed a manticore
   647 | D        | Noticed a cyclops
   647 | D        | Noticed a cyclops
   650 | D        | Killed a manticore
   650 | D        | Reached ***** piety under Trog
   651 | D        | Reached skill level 5 in Stealth
   651 | D        | Reached XP level 8. HP: 77/81 MP: 8/8
   652 | D        | Killed a cyclops
   653 | D        | Reached skill level 12 in Polearms
   653 | D        | Reached skill level 10 in Dodging
   656 | D        | Killed a cyclops
   657 | D        | Reached XP level 9. HP: 87/90 MP: 9/9
   658 | D        | Reached skill level 13 in Polearms
   784 | D        | Killed a catoblepas
  1071 | D        | Noticed a five-headed hydra
  1071 | D        | Noticed a rime drake
  1074 | D        | Received a gift from Trog
  1076 | D        | Killed a rime drake
  1077 | D        | Reached skill level 14 in Polearms
  1084 | D        | Killed an eight-headed hydra
  1086 | D        | Reached XP level 10. HP: 95/101 MP: 10/10
  1090 | D        | Reached skill level 15 in Polearms
  1097 | D        | Received a gift from Trog
  1238 | D        | Noticed a black mamba
  1250 | D        | Killed a black mamba
  1251 | D        | Reached ****** piety under Trog
  1255 | D        | Received a gift from Trog
  1256 | D        | Reached skill level 16 in Polearms
  1351 | D        | Noticed a lindwurm
  1364 | D        | Received a gift from Trog
  1372 | D        | Killed a lindwurm
  1373 | D        | Reached skill level 17 in Polearms
  1627 | D        | Received a gift from Trog
  1647 | D        | Received a gift from Trog
  1653 | D        | Reached XP level 11. HP: 91/111 MP: 11/11
  1823 | D        | Received a gift from Trog
  1824 | D        | Reached skill level 15 in Fighting
  1834 | D        | Received a gift from Trog
  1834 | D        | Noticed an orc knight
  1843 | D        | Killed an orc knight
  1844 | D        | Reached skill level 18 in Polearms
  2110 | D        | Found Vystroafi's Antique Weapon Boutique.
  2110 | D        | Noticed an orc knight
  2110 | D        | Noticed an orc high priest
  2110 | D        | Noticed an orc knight
  2110 | D        | Noticed an orc knight
  2110 | D        | Noticed an orc high priest
  2112 | D        | Killed an orc high priest
  2114 | D        | Killed an orc high priest
  2115 | D        | Noticed an orc knight
  2116 | D        | Noticed an orc knight
  2117 | D        | Killed an orc knight
  2117 | D        | Received a gift from Trog
  2118 | D        | Reached skill level 10 in Stealth
  2118 | D        | Found Tafre's Magic Scroll Shop.
  2122 | D        | Killed an orc knight
  2124 | D        | Noticed an orc knight
  2125 | D        | Killed an orc knight
  2126 | D        | Reached skill level 19 in Polearms
  2126 | D        | Found Itwitog's Assorted Antiques.
  2126 | D        | Noticed an orc high priest
  2130 | D        | Noticed an orc high priest
  2131 | D        | Killed an orc knight
  2132 | D        | Reached skill level 1 in Evocations
  2133 | D        | Killed an orc knight
  2140 | D        | Killed an orc knight
  2141 | D        | Killed an orc high priest
  2143 | D        | Killed an orc high priest
  2443 | D        | Found Qod Hiug's Armour Shop.
  2447 | D        | Noticed an orc knight
  2448 | D        | Noticed an orc knight
  2449 | D        | Noticed an orc high priest
  2455 | D        | Killed an orc knight
  2456 | D        | Reached skill level 20 in Polearms
  2458 | D        | Killed an orc knight
  2462 | D        | Killed an orc high priest
  2498 | D        | Bought the +0 pair of boots of Abukkor {Str+3} for 195 gold
                  | pieces
  2505 | D        | Bought a scroll of blinking for 135 gold pieces
  2507 | D        | Bought a scroll of enchant armour for 97 gold pieces
  2535 | D        | Bought a bone ring for 90 gold pieces
  2537 | D        | Bought a scroll of identify for 26 gold pieces
  2537 | D        | Bought a scroll of identify for 26 gold pieces
  2539 | D        | Bought an ancient hunting sling for 149 gold pieces
  2539 | D        | Identified the +6 hunting sling of Death {freeze, rPois
                  | rF+} (You bought it in a shop in the Dungeon)
  2631 | D        | Noticed Maurice
  2636 | D        | Killed Maurice
  2637 | D        | Reached XP level 12. HP: 114/124 MP: 12/12
  2777 | D        | Noticed an ogre mage
  2779 | D        | Received a gift from Trog
  2782 | D        | Killed an ogre mage
  2783 | D        | Noticed an ettin
  2787 | D        | Noticed a frost giant
  2789 | D        | Reached skill level 21 in Polearms
  2789 | D        | Received a gift from Trog
  2790 | D        | Noticed a frost giant
  2791 | D        | Noticed a fire dragon
  2793 | D        | Killed an ettin
  2794 | D        | Noticed a spriggan air mage
  2992 | D        | Killed a frost giant
  3075 | D        | Killed a frost giant
  3075 | D        | Received a gift from Trog
  3113 | D        | Killed a fire dragon
  3114 | D        | Reached skill level 22 in Polearms
  3134 | D        | Noticed a tengu warrior
  3137 | D        | Killed a spriggan air mage
  3139 | D        | Killed a tengu warrior
  3145 | D        | Noticed a stone giant
  3154 | D        | Killed a stone giant
  3352 | D        | Noticed Psyche
  3358 | D        | Killed Psyche
  3358 | D        | Identified the +7 halberd "Kasanar" {vorpal, *Slow rF+
                  | Str-2 Dex+8} (Trog gifted it to you in the Dungeon)
  3358 | D        | Received a gift from Trog
  3387 | D        | Noticed Sonja
  3393 | D        | Killed Sonja
  3429 | D        | Noticed an anaconda
  3435 | D        | Reached skill level 23 in Polearms
  3437 | D        | Received a gift from Trog
  3451 | D        | Reached XP level 13. HP: 90/136 MP: 13/13
  3454 | D        | Received a gift from Trog
  3584 | D        | Reached skill level 24 in Polearms
  3585 | D        | Received a gift from Trog
  3639 | D        | Received a gift from Trog
  3658 | D        | Received a gift from Trog
  3713 | D        | Reached skill level 25 in Polearms
  3928 | D        | Noticed Saint Roka
  3933 | D        | Received a gift from Trog
  3944 | D        | Killed Saint Roka
  3956 | D        | Received a gift from Trog
  4051 | D        | Noticed an ettin
  4051 | D        | Noticed a fire giant
  4051 | D        | Noticed a stone giant
  4065 | D        | Killed a stone giant
  4069 | D        | Killed a fire giant
  4070 | D        | Reached skill level 15 in Stealth
  4071 | D        | Killed an ettin
  4090 | D        | Received a gift from Trog
  4091 | D        | Gained mutation: Your tail ends in a venomous barb. [Green
                  | Draconian growth]
  4091 | D        | Reached XP level 14. HP: 121/151 MP: 14/14
  4154 | D        | Noticed a green very ugly thing
  4155 | D        | Noticed a frost giant
  4160 | D        | Noticed a purple very ugly thing
  4165 | D        | Killed a green very ugly thing
  4166 | D        | Reached skill level 26 in Polearms
  4166 | D        | Killed a frost giant
  4166 | D        | Received a gift from Trog
  4177 | D        | Killed a purple very ugly thing
  4326 | D        | Noticed an ironbound preserver
  4328 | D        | Received a gift from Trog
  4334 | D        | Noticed an ironbound preserver
  4337 | D        | Received a gift from Trog
  4338 | D        | Noticed an ironbound preserver
  4340 | D        | Killed an ironbound preserver
  4344 | D        | Noticed a green very ugly thing
  4347 | D        | Killed an ironbound preserver
  4348 | D        | Killed an ironbound preserver
  4359 | D        | Noticed a vault warden
  4363 | D        | Killed a green very ugly thing
  4367 | D        | HP: 3/157 [peacekeeper (17)]
  4367 | D        | Annihilated by a peacekeeper

Illustrated notes

Levels and vault maps discovered:
D:        linesprint [early_d, line_temple, items_1, d_10, items_2, lair_1,
          lair_end, items_3, orc_1, orc_end, items_4, d_15, swamp_1, shoals_1,
          snake_1, spider_1, d_20, vaults_1, items_5, swamp_end, shoals_end,
          snake_end, spider_end, vaults_end, d_27, items_6, zot_1, zot_end,
          crypt_end, forest_end, elf_end, slime_end, tomb_end, abyss_end,
          pan_hell_end]

Skill      XL: |  1  2  3  4  5  6  7  8  9 10 11 12 13 14 |
---------------+-------------------------------------------+-----
Dodging        | 3 4 6 8 9 10 11 12 14 | 14.9
Fighting       | 4 5 7 9 10 11 13 14 16 18 21 23 | 23.4
Polearms       | 4 7 10 11 12 14 17 20 23 25 26 | 26.7
Stealth        | 1 2 4 5 7 9 11 13 15 16 | 16.4
Evocations     | 1 2 3 |  3.8

Action                   |  1- 3 |  4- 6 |  7- 9 | 10-12 | 13-15 || total
-------------------------+-------+-------+-------+-------+-------++-------
Melee: Spear             |    36 |       |       |       |       ||    36
       Halberd           |     7 |     3 |    41 |    42 |       ||    93
       Tailslap          |       |     1 |     5 |    11 |    30 ||    47
       Glaive            |       |       |       |    17 |       ||    17
       Bardiche          |       |       |       |    97 |   162 ||   259
Invok: Berserk           |     2 |       |     4 |     9 |     5 ||    20
       Brothers in Arms  |       |       |       |     2 |       ||     2
 Abil: Breathe Noxious F |       |       |     3 |    13 |     8 ||    24
Evoke: Condenser vane    |       |       |     1 |       |     1 ||     2
       Wand              |       |       |       |     1 |     3 ||     4
  Use: Scroll            |       |       |       |     2 |       ||     2
       Potion            |       |       |       |     1 |     1 ||     2
 Stab: Sleeping          |     1 |       |       |     3 |     2 ||     6
       Confused          |       |       |     1 |    10 |     8 ||    19
Armor: Skin              |    11 |       |     2 |    12 |    21 ||    46
Dodge: Dodged            |    17 |     1 |    18 |    42 |    76 ||   154

Table legend: (Time is in decaauts)
 A = Elapsed time spent in this place.
 B = Non-inter-level travel time spent in this place.
 C = Inter-level travel time spent in this place.
 D = Time resting spent in this place.
 E = Time spent auto-exploring this place.
 F = Levels seen in this place.
 G = Mean time per level.
                   A        B        C        D        E       F      G
               +--------+--------+--------+--------+--------+-----+--------+
         Total |   4403 |   4403 |      0 |   2351 |    534 |   1 | 4403.0 |
       Dungeon |   4403 |   4403 |      0 |   2351 |    534 |   1 | 4403.0 |
               +--------+--------+--------+--------+--------+-----+--------+

Top non-repeatable levels by time:
       D: 4403 daAuts
